 Dungeon Crawl Stone Soup version 0.18-a0-1-gfac8111 (webtiles) character file.

64 M4edhros the Sneak (level 4, -1/42 HPs)
             Began as an Octopode Artificer on Oct 30, 2015.
             Succumbed to poison (a potion of poison)
             ... on level 3 of the Dungeon.
             The game lasted 00:01:47 (924 turns).

M4edhros the Sneak (Octopode Artificer)              Turns: 924, Time: 00:01:47

Health: -1/42      AC: 22    Str: 10    XL:     4   Next: 12%
Magic:  7/7        EV:  2    Int: 14    God:
Gold:   27         SH:  0    Dex: 13    Spells: 0 memorised, 3 levels left

rFire  . . .     SeeInvis .     i - +0 trident
rCold  . . .     Clarity  .     (no shield)
rNeg   + + +     SustAt   .     (helmet currently unavailable)
rPois  +         Gourm    .     f - amulet of resist corrosion
rElec  .         Spirit   .     (no ring)
rCorr  +         Warding  .     (no ring)
rMut   .         NoTele   +     (no ring)
MR     .....                    (no ring)
Stlth  ++++......               (no ring)
                                (no ring)
                                (no ring)
                                (no ring)

@: lethally poisoned (-1 -> -10), tree-form, slowed, very slow, not resistant to
hostile enchantments, stealthy
A: almost no armour, amphibious, 8 rings, (constrict 8), (camouflage 0),
(gelatinous body 0)
a: no special abilities


You were on level 3 of the Dungeon.
You were not hungry.
You were a tree.
You visited 1 branch of the dungeon, and saw 3 of its levels.

You collected 27 gold pieces.

Inventory:

Hand Weapons
 i - a +0 trident (weapon)
 m - a +0 hunting sling
Missiles
 a - 8 stones (quivered)
 o - a throwing net
Jewellery
 f - an amulet of resist corrosion (around neck)
 p - an uncursed ring of teleportation
Wands
 b - a wand of flame (15)
 c - a wand of enslavement (15)
 d - a wand of random effects (15)
Comestibles
 e - a bread ration
 g - a slice of pizza
 q - a beef jerky


   Skills:
 - Level 1.0 Fighting
   Level 1.0 Short Blades
 - Level 2.0 Dodging
 * Level 4.7 Stealth
 + Level 4.0 Evocations


You had 3 spell levels left.
You didn't know any spells.

Dungeon Overview and Level Annotations

Branches:
Dungeon (3/15)

Altars:


Innate Abilities, Weirdness & Mutations

You cannot wear most types of armour.
You are amphibious.
You can wear up to eight rings at the same time.
((You can use your tentacles to constrict eight enemies at once.))
((Your skin changes colour to match your surroundings (Stealth).))
((Your rubbery body absorbs attacks (AC +1).))


Message History

Drink which item? (? for menu, Esc to quit)
It was a potion of magic.
Magic courses through your body.
* * * LOW HITPOINT WARNING * * *
You feel sick.
Drink which item? (? for menu, Esc to quit)
It was a potion of lignification.
You turn into a tree.
Your roots penetrate the ground.
* * * LOW HITPOINT WARNING * * *
You feel sick.
* * * LOW HITPOINT WARNING * * *
You feel sick.
* * * LOW HITPOINT WARNING * * *
You feel sick.
The kobold unwields an uncursed blowgun.
The kobold wields an uncursed dagger.
The kobold hits you but does no damage. The kobold hits you but does no damage.
* * * LOW HITPOINT WARNING * * *
You feel sick. The kobold barely misses you.
You completely miss the kobold.
You die...

#.Kg.# ... ....# ...# #.
#...# .... #...#...# ...
#...#...# ... #...#...#
#...#...#####
######...###K....###
#..........♣.......[
#................### #######
#..............#####........
#.......>)..................
........######.#####........
#.......# #.#### .......
#.......# #....# ######.
#.......# #....## #.
#.......# #.....# #.


You could see a kobold.

Vanquished Creatures
  Jessica (D:3)
  A giant gecko (D:1)
  4 orcs (D:3)
  2 giant cockroaches (D:1)
  2 goblins (D:3)
  5 hobgoblins
  4 kobolds
  7 bats
  4 giant newts
  2 rats (D:2)
32 creatures vanquished.

Notes
Turn   | Place    | Note
--------------------------------------------------------------
     0 | D:1      | M4edhros the Octopode Artificer began the quest for the Orb.
     0 | D:1      | Reached XP level 1. HP: 13/13 MP: 3/3
   255 | D:1      | Reached XP level 2. HP: 15/18 MP: 4/4
   739 | D:3      | Noticed Jessica
   743 | D:3      | Killed Jessica
   743 | D:3      | Reached skill level 4 in Stealth
   743 | D:3      | Reached XP level 3. HP: 16/23 MP: 5/5
   800 | D:3      | Reached XP level 4. HP: 12/28 MP: 6/6
   922 | D:3      | HP: 1/42 [poison (a potion of poison)]
   924 | D:3      | Succumbed to poison (a potion of poison)

Vault maps used:
D:1:      dpeg_chamrin_arrival_tetris
D:3:      uniq_iyjb, uniq_jessica

Action                   |  1- 3 |  4- 6 || total
-------------------------+-------+-------++-------
Melee: Short sword       |    26 |       ||    26
       Trident           |    28 |    15 ||    43
  Use: Scroll            |       |     3 ||     3
       Potion            |       |     3 ||     3
 Stab: Sleeping          |     9 |     3 ||    12
